 Dungeon Crawl Stone Soup version 0.21.1-1-g345015fe64 (webtiles) character file.

170 Delanovic the Stinger (level 5, 0/50 HPs)
             Began as an Ogre Venom Mage on July 30, 2018.
             Slain by an orc wizard
             ... wielding a +0 dagger
              (2 damage)
             ... on level 3 of the Dungeon.
             The game lasted 00:09:44 (3016 turns).

Delanovic the Stinger (Ogre Venom Mage)             Turns: 3016, Time: 00:09:45

Health: 0/50       AC:  4    Str: 12    XL:     5   Next: 50%
Magic:  10/10      EV: 14    Int: 17    God:
Gold:   173        SH:  0    Dex:  9    Spells: 4/10 levels left

rFire    . . .     SeeInvis .   j - +1 club
rCold    . . .     Gourm    .   (no shield)
rNeg     . . .     Faith    .   a - +1 robe
rPois    .         Spirit   .   (helmet restricted)
rElec    .         Reflect  .   (no cloak)
rCorr    .         Harm     .   (gloves unavailable)
MR       .....                  (boots unavailable)
Stlth    +.........             (no amulet)
HPRegen  0.16/turn              m - +4 ring of evasion
MPRegen  0.12/turn              (no ring)

@: fainting
A: large, unfitting armour, mutation resistance 1, tough skin 1
a: no special abilities


You were on level 3 of the Dungeon.
You were fainting.

You visited 1 branch of the dungeon, and saw 3 of its levels.

You collected 173 gold pieces.

Inventory:

Hand Weapons
 j - a +1 club (weapon)
Missiles
 c - 24 bolts
Armour
 a - a +1 robe (worn)
Jewellery
 m - a +4 ring of evasion (left hand)
Scrolls
 d - 5 scrolls of identify {unknown}
 h - a scroll of enchant armour
 l - 3 scrolls of teleportation
 p - a scroll of remove curse
Books
 b - a Young Poisoner's Handbook

   Spells                             Type                      Level
   a - Sting                          Conjuration/Poison           1
   b - Poisonous Vapours              Poison/Air                   2
   c - Mephitic Cloud                 Conjuration/Poison/Air       3
   d - Olgreb's Toxic Radiance        Poison                       4
   e - Venom Bolt                     Conjuration/Poison           5


   Skills:
 + Level 2.6 Fighting
 + Level 2.5 Dodging
 - Level 1.4 Stealth
 + Level 3.4 Spellcasting
 + Level 2.2 Conjurations
 + Level 3.4 Poison Magic


You had 4 spell levels left.
You knew the following spells:

 Your Spells              Type           Power        Failure   Level  Hunger
a - Sting                 Conj/Pois      ##..         5%          1    None
b - Poisonous Vapours     Pois/Air       #.....       12%         2    ##.....
c - Mephitic Cloud        Conj/Pois/Air  #.......     22%         3    ###....


Dungeon Overview and Level Annotations

Branches:
Dungeon (3/15)

Altars:
Gozag
Ru
Trog
Zin


Innate Abilities, Weirdness & Mutations

You are too large for most types of armour.
You have tough skin. (AC +1)
You are somewhat resistant to further mutation.


Message History

6 stones; a tomahawk A magic dart appears from out of thin air!
The magic dart hits you!
* * * LOW HITPOINT WARNING * * *
Things that are here:
5 stones; a javelin You miss something.
Something hits you but does no damage. x2
Your magical contamination has completely faded away.
You miss something. Something hits you but does no damage. The orc hits you.
* * * LOW HITPOINT WARNING * * *
Something hits you but does no damage.
You are fainting from starvation!
The orc barely misses you. Something hits you but does no damage.
The orc completely misses you. Something hits you.
* * * LOW HITPOINT WARNING * * *
The orc hits you.
* * * LOW HITPOINT WARNING * * *
Something hits you.
You die...

## .. .####
## ....#
#......
#.#..# .#
#.#..##.#.
#.(.......
#(@####.##
#o{####.####
##..(........
#(((...##...
#.#(##.#
#.#.##.#
#...##.#
#..###(#
#..###(#


You could see an orc.

Vanquished Creatures
  The ghost of Atelerd the Magician, an amateur OpWz (D:3)
  An orc wizard (D:3)
  An adder (D:2)
  2 oozes
  A dart slug (D:3)
  2 leopard geckos (D:2)
  5 orcs
  4 bats
  4 giant cockroaches
  4 goblins
  6 hobgoblins
  A ball python (D:2)
  A frilled lizard (D:2)
  8 kobolds
  3 rats
44 creatures vanquished.

Notes
Turn   | Place    | Note
-------+----------+-------------------------------------------
     0 | D:1      | Delanovic the Ogre Venom Mage began the quest for the Orb.
     0 | D:1      | Reached XP level 1. HP: 16/16 MP: 3/3
    42 | D:1      | Reached skill level 1 in Conjurations
   468 | D:1      | Reached XP level 2. HP: 24/24 MP: 2/5
   503 | D:1      | Learned a level 2 spell: Poisonous Vapours
   970 | D:1      | You fall through a shaft!
  1362 | D:2      | Reached XP level 3. HP: 32/32 MP: 5/7
  1391 | D:2      | Learned a level 3 spell: Mephitic Cloud
  1410 | D:2      | Found a sacrificial altar of Ru.
  1429 | D:2      | Reached skill level 1 in Fighting
  1530 | D:2      | Found a glowing silver altar of Zin.
  1625 | D:2      | Found an opulent altar of Gozag.
  1687 | D:2      | Found a bloodstained altar of Trog.
  2367 | D:3      | Reached XP level 4. HP: 41/41 MP: 5/8
  2377 | D:3      | Noticed Atelerd's ghost (amateur OpWz)
  2387 | D:3      | Gained mutation: You are somewhat resistant to further mutation. [potion of mutation]
  2402 | D:3      | Killed Atelerd's ghost
  2402 | D:3      | Reached XP level 5. HP: 16/50 MP: 8/10
  3016 | D:3      | HP: 2/50 [orc (3)]
  3016 | D:3      | Slain by an orc wizard

Skill      XL: |  1  2  3  4 |
---------------+-------------+-----
Conjurations   | 1 2 |  2.2
Poison Magic   | 3 |  3.4
Dodging        | 2 |  2.5
Fighting       | 1 2 |  2.6
Spellcasting   | 3 |  3.4
Stealth        | |  1.4

Action                   |  1- 3 |  4- 6 || total
-------------------------+-------+-------++-------
Melee: Unarmed           |    39 |       ||    39
       Club              |    25 |    85 ||   110
Throw: Javelin           |       |     4 ||     4
 Cast: Sting             |    73 |    23 ||    96
  Use: Scroll            |     2 |     4 ||     6
       Potion            |       |     5 ||     5
  Eat: Ration            |     1 |       ||     1
       Chunk             |     1 |       ||     1
Armor: Robe              |    19 |    30 ||    49
Dodge: Dodged            |    48 |    93 ||   141
